AoeStats
← dean03110206

Arena

506330192Analyzed
4v4 RM · 18d ago on Sep 13, 2026· 58m 58s· 8 players
Game mode
Random Map
Map size
Large (8 player)
Population
200
Speed
Normal
Resources
Standard
Victory
Conquest
Starting age
Dark Age
Ending age
Imperial Age
RankedLock teamsTeams togetherTeam positionsShared explorationLock speedFull tech treeHidden civsTurbo modeCheats
Victory
Defeat
🇦🇺 Portuguese · Australia
1109
+11
🇦🇺 Persians · Australia
1026
+15
🇦🇺 Slavs · Australia
1025
+15
🇹🇼 Celts · Taiwan
995
+15
🇨🇦 Celts · Canada
1030
-15
🇷🇺 Koreans · Russia
997
-14
🇨🇳 Turks · China
997
-14
🇺🇸 Ethiopians · United States
968
-13
xxxx
10:18 Feudal Age
15:16 Castle Age
13:18 Double-Bit Axe
14:41 Horse Collar
16:18 Bow Saw
16:16 Heavy Plow
22:42 Wheelbarrow
25:47 Stone Mining
25:49 Gold Mining
30:40 Imperial Age
27:57 Loom
29:05 Gold Shaft Mining
29:05 Stone Shaft Mining
28:55 Forging
28:45 Scale Mail Armor
29:44 Ballistics
29:42 Hand Cart
29:41 Masonry
29:14 Treadmill Crane
29:17 Pikeman
29:58 Squires
29:43 Arson
31:05 Stone Shaft Mining
31:24 Iron Casting
31:05 Chain Mail Armor
30:40 Fletching
30:52 Murder Holes
32:30 Chemistry
30:54 Heavy Rocket Cart
32:49 Two-Man Saw
32:22 Bodkin Arrow
32:59 Plate Mail Armor
33:05 Guilds
33:15 Halberdier
34:23 Conscription
34:05 Eupseong
34:49 Bracer
34:55 Scale Barding Armor
34:45 Arson
34:45 Gambesons
35:49 Architecture
35:24 Siege Engineers
35:10 Arrowslits
37:49 Shinkichon
38:14 Fortified Wall
43:06 Light Cavalry
43:47 Husbandry
43:48 Cavalier
43:48 Hussar
Kirito Wizard
8:45 Loom
10:31 Feudal Age
16:31 Castle Age
15:07 Double-Bit Axe
15:12 Horse Collar
15:43 Gold Mining
15:21 Man-at-Arms
15:48 Arson
16:40 Scale Mail Armor
16:50 Forging
17:47 Gambesons
17:23 Long Swordsman
22:37 Pikeman
29:15 Wheelbarrow
28:26 Town Watch
44:13 Chain Mail Armor
44:34 Iron Casting
43:50 Fletching
44:01 Padded Archer Armor
46:40 Murder Holes
47:06 Ballistics
46:57 Fortified Wall
46:28 Treadmill Crane
47:00 Masonry
47:52 Stronghold
50:38 Scale Barding Armor
50:30 Bodkin Arrow
50:51 Leather Archer Armor
52:29 Hand Cart
52:15 Town Patrol
56:06 Imperial Age
56:07 Two-Handed Swordsman
56:09 Halberdier
58:57 Plate Mail Armor
merdish
11:26 Feudal Age
13:00 Double-Bit Axe
15:48 Castle Age
14:58 Fletching
16:36 Crossbowman
18:20 Bow Saw
19:31 Horse Collar
22:07 Wheelbarrow
22:11 Padded Archer Armor
22:57 Loom
23:31 Hand Cart
23:03 Town Watch
25:17 Bodkin Arrow
26:50 Thumb Ring
心焰
12:39 Feudal Age
13:52 Double-Bit Axe
14:14 Gold Mining
16:38 Castle Age
14:39 Horse Collar
21:10 Imperial Age
20:36 Bow Saw
20:29 Heavy Plow
45:54 Loom
53:52 Wheelbarrow
dean03110206
0:27 Loom
12:28 Feudal Age
17:12 Castle Age
24:44 Double-Bit Axe
28:54 Horse Collar
32:35 Imperial Age
31:59 Wheelbarrow
31:37 Bow Saw
31:30 Heavy Plow
31:13 Pikeman
31:14 Man-at-Arms
32:44 Hand Cart
32:57 Fortified Wall
35:15 Chemistry
34:21 Gold Mining
34:22 Stone Mining
34:25 Onager
35:40 Heavy Scorpion
35:41 Capped Ram
35:56 Halberdier
37:26 Furor Celtica
38:49 Siege Engineers
39:29 Scale Mail Armor
39:39 Forging
39:20 Fletching
39:30 Padded Archer Armor
41:19 Light Cavalry
42:04 Husbandry
41:25 Cavalier
43:34 Iron Casting
43:04 Scale Barding Armor
42:55 Hussar
47:49 Chain Mail Armor
48:34 Blast Furnace
47:51 Leather Archer Armor
47:31 Bodkin Arrow
47:57 Chain Barding Armor
47:32 Paladin
48:27 Siege Ram
51:27 Plate Mail Armor
58:03 Ring Archer Armor
Mr. Takoyaki-san
11:47 Feudal Age
15:03 Castle Age
14:14 Double-Bit Axe
16:06 Husbandry
20:11 Scale Barding Armor
21:24 Forging
26:56 Wheelbarrow
29:24 Hand Cart
30:29 Horse Collar
41:29 Imperial Age
40:15 Scale Mail Armor
40:51 Iron Casting
40:37 Chain Barding Armor
40:11 Gold Mining
40:12 Stone Mining
40:40 Bow Saw
39:55 Man-at-Arms
40:36 Squires
40:36 Long Swordsman
41:28 Cavalier
42:20 Bloodlines
43:04 Chain Mail Armor
43:56 Blast Furnace
45:50 Pikeman
47:37 Halberdier
50:34 Chemistry
53:19 Savar
c r v w l e y
12:15 Feudal Age
15:47 Castle Age
13:54 Double-Bit Axe
14:24 Loom
14:33 Gold Mining
15:14 Horse Collar
16:50 Bow Saw
19:16 Heavy Plow
23:32 Redemption
35:04 Imperial Age
32:53 Stone Mining
34:04 Wheelbarrow
36:08 Conscription
37:01 Chemistry
37:35 Arquebus
39:14 Siege Engineers
43:16 Elite Organ Gun
57:09 Hand Cart
ants
12:25 Feudal Age
18:13 Castle Age
26:32 Wheelbarrow
25:44 Man-at-Arms
26:24 Squires
29:17 Hand Cart
31:41 Detinets
34:54 Imperial Age
34:17 Redemption
40:35 Long Swordsman
43:21 Two-Handed Swordsman
43:22 Pikeman
45:05 Squires
48:07 Halberdier
48:40 Horse Collar
54:05 Heavy Plow
55:28 Forging
55:18 Scale Mail Armor
56:03 Capped Ram
57:07 Siege Ram
57:10 Champion
Connection lost

Rejoining the realm…

Still unreachable

The connection could not be restored.

Session expired

The server has moved on; the page needs a fresh start.